 Dungeon Crawl Stone Soup version 0.23-a0-650-ga4d50d4 (webtiles) character file.

78 winkle the Slasher (level 4, 0/34 HPs)
             Began as a Barachi Skald on Jan 3, 2019.
             Slain by an iguana (9 damage)
             ... on level 2 of the Dungeon.
             The game lasted 00:04:09 (2186 turns).

winkle the Slasher (Barachi Skald)                  Turns: 2186, Time: 00:04:09

Health: 0/34       AC:  3    Str: 13    XL:     4   Next: 36%
Magic:  7/7        EV: 12    Int: 18    God:
Gold:   98         SH:  0    Dex: 12    Spells: 6/7 levels left

rFire    . . .     SeeInvis .   o - +1 dagger (venom)
rCold    . . .     Gourm    .   (no shield)
rNeg     . . .     Faith    .   b - +0 leather armour
rPois    .         Spirit   .   (no helmet)
rElec    .         Reflect  .   (no cloak)
rCorr    .         Harm     .   (no gloves)
MR       .....                  (no boots)
Stlth    +.........             (no amulet)
HPRegen  0.11/turn              (no ring)
MPRegen  0.10/turn              (no ring)

@: brilliant, slow
A: +LOS, swims, slowness 1, strong legs 1
a: Hop


You were on level 2 of the Dungeon.
You were not hungry.

You visited 1 branch of the dungeon, and saw 2 of its levels.

You collected 98 gold pieces.

Inventory:

Hand Weapons
 a - a +0 falchion
 g - a +0 hunting sling
 o - a +1 dagger of venom (weapon)
Missiles
 f - 20 poisoned needles
 h - 80 stones (quivered)
Armour
 b - a +0 leather armour (worn)
Scrolls
 c - a scroll of enchant weapon {unknown}
 i - a scroll of noise {unknown}
 k - a scroll of enchant armour {unknown}
 l - a scroll of remove curse {unknown}
 m - a scroll of fog {unknown}
 n - a scroll of identify {unknown}
 r - a scroll of teleportation {unknown}
Potions
 e - a potion of brilliance
 j - a potion of heal wounds {unknown}
 q - a potion of mutation {unknown}
Comestibles
 d - 4 rations
 p - 7 chunks of flesh


   Skills:
 - Level 2.5 Fighting
 + Level 3.9 Long Blades
 + Level 2.1 Armour
 + Level 2.8 Dodging
 - Level 2.4 Spellcasting
 - Level 3.7 Charms


You had 6 spell levels left.
You knew the following spells:

 Your Spells              Type           Power        Failure   Level  Hunger
a - Infusion              Chrm           ####         1%          1    #......

Your spell library contained the following spells:

 Spells                   Type           Power        Failure   Level  Hunger
 Shroud of Golubria       Chrm/Tloc      ###.......   1%          2    ##.....
 Song of Slaying          Chrm           ####....     1%          2    ##.....
 Regeneration             Chrm/Necr      ###.......   3%          3    ###....
 Spectral Weapon          Hex/Chrm       ###.....     3%          3    ###....


Dungeon Overview and Level Annotations

Branches:
Dungeon (2/15)

Altars:


Innate Abilities, Weirdness & Mutations

Shadows flee at your approach. (+LOS)
You can swim through water.
You cover ground slowly.
You can hop short distances.


Message History

Found a stone staircase leading up.
You now have 98 gold pieces (gained 7).
You open the door.
There is an open door here.
An iguana comes into view.
The iguana hisses angrily.
You see here a sedimented golden potion.
A hound comes into view.
You hit the iguana but do no damage. The iguana bites you!
You closely miss the iguana. The hound bites you but does no damage.
The iguana bites you but does no damage.
You barely miss the iguana. The hound bites you. The iguana bites you!
The hound bites you.
* * * LOW HITPOINT WARNING * * *
You are too injured to fight recklessly!
You are too injured to fight recklessly!
It was a potion of brilliance.
You feel clever all of a sudden. The iguana bites you!
You die...

.#.##.### .#.##...#
.#.##.### .#.##.# .#.##.#
...##.# #### .####.# ## ..#
.#....# .....#####.##
.#.#### #....l@h..##
...###### #.######...#
........# #.......#..#######
>.......# #######.#....!...#
........#########+#...#..#.#
........##.........##.# .#
รท.....................# ..
#...................###
#...................#


You could see an iguana and a hound.

Vanquished Creatures
  Jessica (D:2)
  An adder (D:2)
  A dart slug (D:1)
  2 worms (D:2)
  2 giant cockroaches
  7 goblins
  4 hobgoblins (D:1)
  3 jackals (D:2)
  A bat (D:1)
  7 kobolds
  10 rats
39 creatures vanquished.

Notes
Turn   | Place    | Note
-------+----------+-------------------------------------------
     0 | D:1      | winkle the Barachi Skald began the quest for the Orb.
     0 | D:1      | Reached XP level 1. HP: 17/17 MP: 3/3
   179 | D:1      | Reached XP level 2. HP: 21/23 MP: 5/5
  1267 | D:2      | Reached XP level 3. HP: 23/28 MP: 6/6
  2014 | D:2      | Noticed Jessica
  2035 | D:2      | Killed Jessica
  2035 | D:2      | Reached XP level 4. HP: 27/34 MP: 7/7
  2186 | D:2      | Slain by an iguana

Vault maps used:
D:1:      lightli_arrival_boilingwater, serial_forest, infiniplex_forest_end_1,
          infiniplex_forest_end_3, infiniplex_forest_3_way,
          infiniplex_forest_straight_2, infiniplex_forest_clump_diagonal,
          infiniplex_forest_clump_C, infiniplex_forest_corner_1,
          infiniplex_forest_corner_2, grunt_decor_resistance
D:2:      minmay_diamond_boxcup, lemuel_another_geyser, uniq_jessica

Skill      XL: |  1  2  3 |
---------------+----------+-----
Long Blades    | 3 |  3.9
Armour         | 2 |  2.1
Fighting       | |  2.5
Dodging        | |  2.8
Spellcasting   | |  2.4
Charms         | |  3.7

Action                   |  1- 3 |  4- 6 || total
-------------------------+-------+-------++-------
Melee: Falchion          |   104 |       ||   104
       Dagger            |    25 |     3 ||    28
Throw: Stone             |     3 |       ||     3
  Use: Potion            |       |     1 ||     1
  Eat: Chunk             |     4 |     1 ||     5
Armor: Leather armour    |    28 |     2 ||    30
Dodge: Dodged            |    86 |       ||    86
       Rpst.: Falchion   |    22 |       ||    22

Table legend:
 A = Non-vault XP
 B = Vault XP
 C = Vault XP percentage of total XP
 D = Non-vault monster count
 E = Vault monster count
 F = Vault count percentage of total count
                 A         B        C        D         E       F
            +---------+---------+-------+---------+---------+-------
      Total |      46 |      66 |  58.9 |      28 |      11 |  28.2
            +---------+---------+-------+---------+---------+-------
        D:1 |      25 |       0 |   0.0 |      15 |       0 |   0.0
        D:2 |      21 |      66 |  75.9 |      13 |      11 |  45.8
            +---------+---------+-------+---------+---------+-------
